 Dungeon Crawl Stone Soup version 0.21.1-1-g345015f (webtiles) character file.

41 chorionicmirror the Charmwright (level 3, 0/31 HPs)
             Began as a Gnoll Skald on June 23, 2018.
             Was an Initiate of Cheibriados.
             Slain by Sigmund
             ... wielding a +0 scythe
              (7 damage)
             ... on level 2 of the Dungeon.
             The game lasted 00:03:55 (765 turns).

chorionicmirror the Charmwright (Gnoll Skald)        Turns: 765, Time: 00:03:57

Health: 0/31       AC:  3    Str: 15    XL:     3   Next: 52%
Magic:  9/9        EV: 14    Int: 16    God:    Cheibriados [......]
Gold:   44         SH:  0    Dex: 15    Spells: 11/12 levels left

rFire    . . .     SeeInvis .   a - +0 falchion
rCold    . . .     Gourm    .   (no shield)
rNeg     . . .     Faith    .   b - +0 leather armour
rPois    .         Spirit   .   (no helmet)
rElec    .         Reflect  .   (no cloak)
rCorr    .         Harm     .   (no gloves)
MR       .....                  (no boots)
Stlth    +.........             (no amulet)
HPRegen  0.10/turn              (no ring)
MPRegen  0.11/turn              (no ring)

@: very slow
A: distributed training, fangs 1, strong nose
a: Bend Time, Renounce Religion


You were on level 2 of the Dungeon.
You worshipped Cheibriados.
Cheibriados was noncommittal.
You were not hungry.

You visited 1 branch of the dungeon, and saw 2 of its levels.

You collected 44 gold pieces.

Inventory:

Hand Weapons
 a - a +0 falchion (weapon)
Armour
 b - a +0 leather armour (worn)
Scrolls
 e - 2 scrolls of teleportation {unknown}
 f - 2 scrolls of identify {unknown}
 h - a scroll of enchant armour {unknown}
 j - a scroll of magic mapping {unknown}
 m - a scroll of amnesia {unknown}
 n - a scroll of remove curse {unknown}
Potions
 i - a potion of heal wounds
 k - a potion of flight {unknown}
 l - a potion of invisibility {unknown}
Books
 c - a book of Battle

   Spells                             Type                      Level
   a - Infusion                       Charms                       1
   b - Shroud of Golubria             Charms/Translocation         2
   c - Song of Slaying                Charms                       2
   d - Spectral Weapon                Hexes/Charms                 3
   e - Regeneration                   Charms/Necromancy            3
Comestibles
 d - 6 rations
 g - 4 chunks of flesh


   Skills:
 + Level 4.5 Fighting
 + Level 0.8 Short Blades
 + Level 4.5 Long Blades
 + Level 0.8 Axes
 + Level 0.8 Maces & Flails
 + Level 0.8 Polearms
 + Level 0.8 Staves
 + Level 0.8 Slings
 + Level 0.8 Bows
 + Level 0.8 Crossbows
 + Level 0.8 Throwing
 + Level 2.6 Armour
 + Level 4.5 Dodging
 + Level 0.8 Stealth
 + Level 0.8 Shields
 + Level 0.8 Unarmed Combat
 + Level 5.0 Spellcasting
 + Level 0.5 Conjurations
 + Level 0.5 Hexes
 + Level 5.4 Charms
 + Level 0.5 Summonings
 + Level 0.5 Necromancy
 + Level 0.5 Translocations
 + Level 0.5 Transmutations
 + Level 0.5 Fire Magic
 + Level 0.5 Ice Magic
 + Level 0.5 Air Magic
 + Level 0.5 Earth Magic
 + Level 0.5 Poison Magic
 + Level 1.0 Invocations
 + Level 0.8 Evocations


You had 11 spell levels left.
You knew the following spells:

 Your Spells              Type           Power        Failure   Level  Hunger
a - Infusion              Chrm           ###.         1%          1    None


Dungeon Overview and Level Annotations

Branches:
Dungeon (2/15)

Altars:
Cheibriados
Uskayaw

Annotations:
D:2 Sigmund


Innate Abilities, Weirdness & Mutations

Your experience applies equally to all skills.
You have very sharp teeth.
Your uncanny sense of smell can sniff out nearby items.


Message History

Your Invocations skill increases to level 1!
Something hits you.
Unknown command.
It was a potion of heal wounds.
You feel much better. Something hits you. Something barely misses you.
Things that are here:
a dart slug corpse; an adder corpse You hit something.
You closely miss something. You bite something.
You hear some strange, mumbled words.
A magic dart appears from out of thin air!
The magic dart hits you! Something hits you.
You closely miss something. You bite something. You miss something.
You hear some strange, mumbled words.
A magic dart appears from out of thin air!
The magic dart hits you!
* * * LOW HITPOINT WARNING * * *
You miss something. Something hits you!
You die...

# .. #.........
#.##.# #. #.
#...8.8.8. #.##..
#.##.##.........
#.####
#.......###....$
#..... #.......# ...
###### ##.....## .
#.....# #.....####
##### #....{@..#
#.... #.....##.#
#.### ##..####.####
#.# #....##.##.##
#.# #.##........#
#.# #.
####.##.#######.#
#.......##.........#
####################


There were no monsters in sight!

Vanquished Creatures
  An adder (D:2)
  A dart slug (D:2)
  7 bats
  3 giant cockroaches
  2 goblins
  3 hobgoblins (D:1)
  5 kobolds
  A frilled lizard (D:1)
  8 rats
31 creatures vanquished.

Notes
Turn   | Place    | Note
-------+----------+-------------------------------------------
     0 | D:1      | chorionicmirror the Gnoll Skald began the quest for the Orb.
     0 | D:1      | Reached XP level 1. HP: 20/20 MP: 6/6
   164 | D:1      | Reached XP level 2. HP: 20/26 MP: 7/7
   576 | D:2      | Reached XP level 3. HP: 31/31 MP: 9/9
   638 | D:2      | Found a snail-covered altar of Cheibriados.
   645 | D:2      | Became a worshipper of Cheibriados the Contemplative
   654 | D:2      | Reached skill level 5 in Spellcasting
   741 | D:2      | Found a hide-covered altar of Uskayaw.
   743 | D:2      | Noticed Sigmund
   758 | D:2      | Reached skill level 1 in Invocations
   765 | D:2      | Slain by Sigmund

Skill      XL: |  1  2  3 |
---------------+----------+-----
Spellcasting   | 5 |  5.0
Invocations    | 1 |  1.0
Fighting       | |  4.5
Short Blades   | |  0.8
Long Blades    | |  4.5
Axes           | |  0.8
Maces & Flails | |  0.8
Polearms       | |  0.8
Staves         | |  0.8
Slings         | |  0.8
Bows           | |  0.8
Crossbows      | |  0.8
Throwing       | |  0.8
Armour         | |  2.6
Dodging        | |  4.5
Stealth        | |  0.8
Shields        | |  0.8
Unarmed Combat | |  0.8
Conjurations   | |  0.5
Hexes          | |  0.5
Charms         | |  5.4
Summonings     | |  0.5
Necromancy     | |  0.5
Translocations | |  0.5
Transmutations | |  0.5
Fire Magic     | |  0.5
Ice Magic      | |  0.5
Air Magic      | |  0.5
Earth Magic    | |  0.5
Poison Magic   | |  0.5
Evocations     | |  0.8

Action                   || total
-------------------------++-------
Melee: Falchion          ||    96
       Bite              ||    13
 Cast: Infusion          ||     1
  Use: Potion            ||     1
 Stab: Sleeping          ||     2
Armor: Leather armour    ||    36
Dodge: Dodged            ||    88
       Rpst.: Falchion   ||    24
